 Dungeon Crawl Stone Soup version 0.17-a0-1923-gc35365e (webtiles) character file.

82 Ordine the Changer (level 4, -1/32 HPs)
             Began as a Merfolk Transmuter on Sept 27, 2015.
             Slain by a giant frog zombie (7 damage)
             ... on level 3 of the Dungeon on Sept 28, 2015.
             The game lasted 00:19:45 (1844 turns).

Ordine the Changer (Merfolk Transmuter)             Turns: 1844, Time: 00:19:46

Health: -1/32      AC:  3    Str: 10    XL:     4   Next: 43%
Magic:  5/7        EV: 12    Int: 13    God:
Gold:   162        SH:  0    Dex: 14    Spells: 2 memorised, 3 levels left

rFire  . . .     SeeInvis .       - Unarmed
rCold  . . .     Clarity  .     h - +0 leather armour
rNeg   . . .     SustAt   .     (no shield)
rPois  .         Gourm    +     (no helmet)
rElec  .         Spirit   .     (no cloak)
rCorr  .         Warding  .     (no gloves)
rMut   .         Stasis   .     (no boots)
MR     .....                    l - amulet of the gourmand
Stlth  ++........               (no ring)
                                e - ring of stealth

@: appendage, not resistant to hostile enchantments, unstealthy
A: change form in water, swift swim, horns 2
a: End Transformation


You were on level 3 of the Dungeon.
You were not hungry.
You had grown temporary horns.
You visited 1 branch of the dungeon, and saw 3 of its levels.

You collected 162 gold pieces.

Inventory:

Armour
 h - a +0 leather armour (worn)
Jewellery
 e - a ring of stealth (left hand)
 l - an amulet of the gourmand (around neck)
 p - an uncursed amulet of guardian spirit
Scrolls
 j - a scroll of recharging
 n - a scroll of remove curse
Potions
 f - a potion of flight {unknown}
 g - a potion of magic
 i - a potion of haste
 m - 2 potions of curing {unknown}
 q - a potion of heal wounds
Books
 c - a book of Changes

   Spells                             Type                      Level
   a - Beastly Appendage              Transmutation                1
   b - Sticks to Snakes               Transmutation                2
   c - Spider Form                    Transmutation/Poison         3
   d - Ice Form                       Ice/Transmutation            4
   e - Blade Hands                    Transmutation                5
Comestibles
 d - 2 bread rations
 k - a beef jerky
 o - 3 chunks of flesh


   Skills:
 - Level 1.1 Fighting
 - Level 2.6 Dodging
 - Level 4.5 Unarmed Combat
 - Level 2.0 Spellcasting
 + Level 4.6 Transmutations


You had 3 spell levels left.
You knew the following spells:

 Your Spells              Type           Power        Failure   Level  Hunger
a - Beastly Appendage     Trmt           ##....       6%          1    ##.....
b - Spider Form           Trmt/Pois      #.........   45%         3    ####...


Dungeon Overview and Level Annotations

Branches:
Dungeon (3/15)

Altars:


Innate Abilities, Weirdness & Mutations

You revert to your normal form in water.
You are very nimble and swift while swimming.
You have a pair of horns on your head.


Message History

* * * LOW HITPOINT WARNING * * *
The orc wizard looks braver for a moment.
A giant frog zombie comes into view.
The giant frog zombie moves out of view.
Found a dagger.
The giant frog zombie hits you.
* * * LOW HITPOINT WARNING * * *
The giant frog zombie barely misses you.
Found a stone staircase leading up.
Found a stone staircase leading up.
An orc opens the door.
You are too injured to fight recklessly!
Casting: Beastly Appendage
Confirm with . or Enter, or press ? or * to list all spells.
You grow a pair of large bovine horns.
The giant frog zombie closely misses you.
You closely miss the giant frog zombie.
The giant frog zombie closely misses you.
The orc barely misses you. The giant frog zombie hits you!
You die...

..... #############
..........#...........#
..........#...........#
..........#...........#
..........#...........#
..........#....o@.....#
..........#.....Z.....#
..........o)..o.........
..........#.............
.......o..#g............
.....g..................
..######+##...........##
..# ...........<< ..#
..............


You could see an orc wizard, 2 orcs, a giant frog zombie and a hobgoblin.

Vanquished Creatures
  An orc priest (D:3)
  An ooze (D:3)
  A worm (D:2)
  A giant gecko (D:1)
  6 bats
  A giant cockroach (D:2)
  10 goblins
  6 hobgoblins
  4 kobolds
  A quokka (D:3)
  A ball python (D:1)
  2 giant newts
  12 rats
47 creatures vanquished.

Notes
Turn   | Place    | Note
--------------------------------------------------------------
     0 | D:1      | Ordine the Merfolk Transmuter began the quest for the Orb.
     0 | D:1      | Reached XP level 1. HP: 15/15 MP: 3/3
   279 | D:1      | Reached XP level 2. HP: 19/21 MP: 3/5
   308 | D:1      | Reached skill level 4 in Unarmed Combat
   853 | D:2      | Reached XP level 3. HP: 12/26 MP: 4/6
   858 | D:2      | Learned a level 3 spell: Spider Form
  1808 | D:3      | Reached XP level 4. HP: 12/32 MP: 2/7
  1844 | D:3      | Slain by a giant frog zombie

Vault maps used:
D:1:      lightli_arrival_maybe_door_vault, minmay_rat_gold_closets
D:2:      lemuel_another_geyser
D:3:      vehumet_crystals, ecumenical_altar_1, first_bread, eino_tiny_chamber,
          uniq_natasha, uniq_crazy_yiuf_cottage

Action                   |  1- 3 |  4- 6 || total
-------------------------+-------+-------++-------
Melee: Unarmed           |   157 |     6 ||   163
 Cast: Beastly Appendage |    10 |     1 ||    11
  Use: Scroll            |     8 |       ||     8
       Potion            |     1 |       ||     1
 Stab: Sleeping          |     7 |       ||     7
  Eat: Chunk             |     9 |       ||     9
